 Dungeon Crawl Stone Soup version 0.25-a0-237-g0889b22 (webtiles) character file.

Game seed: 10127106485026304140, levelgen mode: deterministic

96 silenth the Grave Robber (level 4, -2/30 HPs)
             Began as a Mummy Necromancer on Dec 2, 2019.
             Slain by Grinder (8 damage)
             ... on level 3 of the Dungeon.
             The game lasted 00:03:51 (2673 turns).

silenth the Grave Robber (Mummy Necromancer)        Turns: 2673, Time: 00:03:52

Health: -2/30      AC:  2    Str: 11    XL:     4   Next: 41%
Magic:  3/9        EV: 12    Int: 15    God:
Gold:   102        SH:  0    Dex: 12    Spells: 5/10 levels left

rFire    x . .     SeeInvis .   j - +4 short sword (freeze)
rCold    + . .     Gourm    .   (no shield)
rNeg     + + +     Faith    .   a - +0 robe
rPois    ∞         Spirit   .   (no helmet)
rElec    .         Reflect  .   (no cloak)
rCorr    .         Harm     .   (no gloves)
MR       .....                  (no boots)
Stlth    +.........             (no amulet)
HPRegen  0.10/turn              b - ring of attention (curse)
MPRegen  0.11/turn              (no ring)

@: no status effects
A: no food or potions, fire vulnerability, cold resistance 1, negative energy
resistance 3, torment resistance, unbreathing
a: no special abilities


You were on level 3 of the Dungeon.
You were not hungry.

You visited 1 branch of the dungeon, and saw 3 of its levels.

You collected 102 gold pieces.

Inventory:

Hand Weapons
 j - a +4 short sword of freezing (weapon)
Armour
 a - a +0 robe (worn)
 h - a +0 shield
Jewellery
 b - a cursed ring of attention (left hand)
Scrolls
 c - a scroll of immolation {unknown}
 d - a scroll of identify {unknown}
 e - a scroll of enchant armour {unknown}
 f - a scroll of remove curse {unknown}
 g - a scroll of teleportation {unknown}
 i - a scroll of enchant weapon


   Skills:
 - Level 2.0 Dodging
 - Level 2.1 Stealth
 + Level 3.8 Spellcasting
 * Level 4.9 Necromancy


You had 5 spell levels left.
You knew the following spells:

 Your Spells              Type           Power        Failure   Level  Hunger
a - Pain                  Necr           ###.         2%          1    N/A
b - Animate Skeleton      Necr           N/A          2%          1    N/A
c - Vampiric Draining     Necr           ###.......   7%          3    N/A

Your spell library contained the following spells:

 Spells                   Type           Power        Failure   Level  Hunger
 Animate Dead             Necr           N/A          24%         4    N/A
 Regeneration             Chrm/Necr      Unusable     N/A         3    N/A

Dungeon Overview and Level Annotations

Branches:
Dungeon (3/15)

Altars:
Dithmenos
The Shining One

Annotations:
D:3 Grinder


Innate Abilities, Weirdness & Mutations

You do not eat or drink.
Your flesh is vulnerable to fire.
You are immune to poison.
Your flesh is cold resistant. (rC+)
You are immune to negative energy. (rN+++)
You are immune to unholy pain and torment.
You can survive without breathing.


Message History

Grinder completely misses you.
You hit Grinder but do no damage.
Grinder is heavily wounded.
Your hobgoblin skeleton closely misses Grinder.
Grinder says, "Tell me all your secrets, or I'll kill you."
Grinder hits you.
* * * LOW HITPOINT WARNING * * *
You hit Grinder.
Grinder is severely wounded.
Your hobgoblin skeleton closely misses Grinder.
Grinder hits you.
* * * LOW HITPOINT WARNING * * *
Casting: Vampiric Draining (safe; 7% risk of failure)
Confirm with . or Enter, or press ? or * to list all spells.
Aiming: Vampiric Draining (safe; 7% risk of failure)
Press: ? - help, Shift-Dir - straight line, f - rat
Aim: a rat You kill the rat!
You feel life coursing into your body. Grinder hits you!
You die...

#............######
#.........!...
#...........#.
#...........
#........... #
#....%....# #.
#.........#
..###.##..Z).....#
......)#.@5......# ▒
.................#.▒▒▒
...#..###%#...#.##...▒
##....)...........▒▒
.........#.#........#
.##...#....###.#....#
#.............#....##
#...........>.......###
#................#.....


You could see Grinder and a friendly hobgoblin skeleton.

Vanquished Creatures
  3 gnolls
  2 adders
  A worm (D:2)
  A dart slug (D:1)
  3 leopard geckos
  4 orcs (D:3)
  A giant cockroach (D:2)
  7 hobgoblins
  3 kobolds
  A quokka (D:2)
  A ball python (D:2)
  3 bats
  A frilled lizard (D:2)
  4 goblins
  4 rats
39 creatures vanquished.

Notes
Turn   | Place    | Note
-------+----------+-------------------------------------------
     0 | D:1      | silenth the Mummy Necromancer began the quest for the Orb.
     0 | D:1      | Reached XP level 1. HP: 13/13 MP: 4/4
     2 | D:1      | Learned a level 1 spell: Animate Skeleton
   241 | D:1      | Reached skill level 3 in Spellcasting
   241 | D:1      | Reached XP level 2. HP: 19/19 MP: 1/6
   522 | D:1      | Reached skill level 2 in Stealth
   666 | D:1      | Reached skill level 2 in Dodging
   970 | D:2      | Reached XP level 3. HP: 17/24 MP: 0/7
  1005 | D:1      | HP: 2/24 [gnoll/cursed -1 whip (4)]
  1283 | D:2      | Learned a level 3 spell: Vampiric Draining
  1897 | D:2      | Found a glowing golden altar of the Shining One.
  2017 | D:2      | Found a shadowy altar of Dithmenos.
  2215 | D:2      | Reached XP level 4. HP: 30/30 MP: 6/9
  2364 | D:3      | Noticed Grinder
  2664 | D:3      | Paralysed by Grinder for 2 turns
  2673 | D:3      | Slain by Grinder

Levels and vault maps discovered:
D:1:      wander_arrival_peaceful_grave, layout_basic, corexii_hall_statues_i
D:2:      layout_loops_ring, grunt_dithmenos_smoke, old_standard_altar
D:3:      layout_rooms, makhleb_altar_promises_db, uniq_natasha, uniq_grinder

Skill      XL: |  1  2 |
---------------+-------+-----
Spellcasting   | 3 |  3.8
Stealth        | 2 |  2.1
Dodging        | 2 |  2.0
Necromancy     | |  4.9

Action                   |  1- 3 |  4- 6 || total
-------------------------+-------+-------++-------
Melee: Unarmed           |     2 |       ||     2
       Short sword       |     7 |    24 ||    31
 Cast: Pain              |    60 |     7 ||    67
       Animate Skeleton  |     2 |     3 ||     5
       Vampiric Draining |       |     2 ||     2
  Use: Scroll            |       |     4 ||     4
Armor: Robe              |     2 |     2 ||     4
Dodge: Dodged            |    19 |    10 ||    29
Block: Shield            |     2 |       ||     2

Table legend:
 A = Non-vault XP
 B = Vault XP
 C = Vault XP percentage of total XP
 D = Non-vault monster count
 E = Vault monster count
 F = Vault count percentage of total count
                 A         B        C        D         E       F
            +---------+---------+-------+---------+---------+-------
      Total |     138 |       0 |   0.0 |      39 |       0 |   0.0
            +---------+---------+-------+---------+---------+-------
        D:1 |      37 |       0 |   0.0 |      13 |       0 |   0.0
        D:2 |      69 |       0 |   0.0 |      17 |       0 |   0.0
        D:3 |      32 |       0 |   0.0 |       9 |       0 |   0.0
            +---------+---------+-------+---------+---------+-------
